 Dungeon Crawl Stone Soup version 0.30-a0-553-g7fabdf1491 (webtiles) character file.

Game seed: 17192938544026279209

24 Zonian the Trooper (level 3, 0/20 HPs)
             Began as a Vine Stalker Fighter on Dec 27, 2022.
             Succumbed to a goblin's poison
             ... on level 1 of the Dungeon.
             The game lasted 00:01:16 (219 turns).

Zonian the Trooper (Vine Stalker Fighter)            Turns: 219, Time: 00:01:16

Health: 0/20       AC:  6    Str: 18    XL:     3   Next: 2%
Magic:  4/4        EV:  9    Int:  8    God:
Gold:   45         SH:  5    Dex: 15    Spells: 2/2 levels left

rFire   . . .      SeeInvis .    a - +0 rapier
rCold   . . .      Faith    .    c - +0 buckler
rNeg    . . .      Spirit   +    b - +0 scale mail
rPois   .          Reflect  .    (no helmet)
rElec   .          Harm     .    (no cloak)
rCorr   .          Rampage  .    (no gloves)
Will    .....                    (no boots) Stlth
                                 (no amulet)
HPRegen 0.23/turn                (no ring)
MPRegen 0.09/turn                (no ring)

@: lethally poisoned (0 -> -2), weak-willed, attractive
A: fangs 2, magic shield, antimagic bite, no potion heal 2
a: no special abilities


You were on level 1 of the Dungeon.
You visited 1 branch of the dungeon, and saw 1 of its levels.

You collected 45 gold pieces.

Inventory:

Hand Weapons
 a - a +0 rapier (weapon)
Armour
 b - a +0 scale mail (worn)
 c - a +0 buckler (worn)
Scrolls
 g - a scroll of summoning {unknown}
Potions
 d - a potion of might


   Skills:
 + Level 3.0 Fighting
 + Level 2.1 Short Blades
 + Level 2.6 Armour
 + Level 3.0 Shields


You had 2 spell levels left.
You didn't know any spells.
Your spell library was empty.

Dungeon Overview and Level Annotations

Branches:
Dungeon (1/15)

Altars:


Innate Abilities, Weirdness & Mutations

You have extremely sharp teeth.
When hurt, damage is shared between your health and your magic reserves.
Your bite disrupts and absorbs the magic of your enemies.
Potions cannot restore your health.


Message History

The goblin hits you with a +2 dagger of venom.
You are lethally poisoned!
You barely miss the goblin. You bite the goblin.
You kill the goblin!
You feel very sick.
Unknown command.
It was a potion of attraction.
You feel attractive to monsters.
You feel sick.
The hobgoblin hits you but does no damage.
The kobold is attracted toward you.
You closely miss the hobgoblin.
* * * LOW HITPOINT WARNING * * *
You feel very sick.
The hobgoblin hits you but does no damage.
You hit the hobgoblin.
You kill the hobgoblin!
* * * LOW HITPOINT WARNING * * *
You feel sick. The kobold hits you but does no damage.
Your Shields skill increases to level 3!
You have reached level 3!
Your experience leads to an increase in your attributes!
Increase (S)trength, (I)ntelligence, or (D)exterity?
You feel agile. x2
Unknown command.
You hit the kobold.
You kill the kobold!
* * * LOW HITPOINT WARNING * * *
You feel sick.
Unknown command.
Okay, then.
As you read the scroll labelled FEEVI XETOEMOFF, it crumbles to dust.
Magic quickly surges around you.
It was a scroll of vulnerability.
* * * LOW HITPOINT WARNING * * *
You feel sick.
Unknown command.
* * * LOW HITPOINT WARNING * * *
You feel sick.
Unknown command.
You die...

.........# .........#
.........# #.# .........#
#.# .........############
#.# ......).............#
#.# ......†.............#
#.# ......)......)......+
#.#.
.........@.!$†......###.#.
..........................
.........†..........###.#.
....................# #.#
....................###.##
##.######...........#.....
#. #######.#####..... #.#
#..... # #######.##


There were no monsters in sight!

Vanquished Creatures
  A gnoll (D:1)
  3 goblins (D:1)
  3 hobgoblins (D:1)
  A quokka (D:1)
  A ball python (D:1)
  A bat (D:1)
  2 frilled lizards (D:1)
  A kobold (D:1)
  A rat (D:1)
14 creatures vanquished.

Notes
Turn   | Place    | Note
-------+----------+-------------------------------------------
     0 | D:1      | Zonian the Vine Stalker Fighter began the quest for the
                  | Orb.
     0 | D:1      | Reached XP level 1. HP: 11/11 MP: 2/2
    42 | D:1      | Reached XP level 2. HP: 4/16 MP: 3/3
   216 | D:1      | Reached XP level 3. HP: 4/20 MP: 4/4
   217 | D:1      | HP: 1/20 [poisoned by a goblin]
   219 | D:1      | Succumbed to a goblin's poison

Illustrated notes

Levels and vault maps discovered:
D:1:      psy_arrival_heroes, layout_basic, serial_bayou_pond_d

Skill      XL: |  1  2 |
---------------+-------+-----
Short Blades   | 2 |  2.1
Fighting       | 3 |  3.0
Shields        | 3 |  3.0
Armour         | |  2.6

Action                   || total
-------------------------++-------
Melee: Rapier            ||    36
       Bite              ||    10
  Use: Potion            ||     1
       Scroll            ||     1
Armor: Scale mail        ||    19
Dodge: Dodged            ||    12
Block: Buckler           ||     8

Table legend: (Time is in decaauts)
 A = Elapsed time spent in this place.
 B = Non-inter-level travel time spent in this place.
 C = Inter-level travel time spent in this place.
 D = Time resting spent in this place.
 E = Time spent auto-exploring this place.
 F = Levels seen in this place.
 G = Mean time per level.
                   A        B        C        D        E       F      G
               +--------+--------+--------+--------+--------+-----+--------+
         Total |    224 |    224 |      0 |     10 |    122 |   1 |  224.0 |
       Dungeon |    224 |    224 |      0 |     10 |    122 |   1 |  224.0 |
               +--------+--------+--------+--------+--------+-----+--------+

Top non-repeatable levels by time:
     D:1: 224 daAuts
